 Dungeon Crawl Stone Soup version 0.26.0-7-g794d0892b4 (webtiles) character file.

Game seed: 5100846042250331381

49053 reptisaurus the Blocker (level 14, -1/96 (99) HPs)
             Began as a Halfling Artificer on Jan 9, 2021.
             Was the Champion of Okawaru.
             Killed by drain life
             ... invoked by a soul eater
             ... summoned by an orc sorcerer
              (19 damage)
             ... while paralysed by an orc sorcerer
             ... on level 2 of the Orcish Mines on Jan 12, 2021.
             The game lasted 01:04:55 (41909 turns).

reptisaurus the Blocker (Halfling Artificer)       Turns: 41909, Time: 01:04:56

HP:   -1/96 (99)    AC: 23    Str: 15    XL:     14   Next: 90%
MP:   14/14         EV:  3    Int: 10    God:    Okawaru [******]
Gold: 1262          SH:  0    Dex: 17    Spells: 11/13 levels left

rFire    + . .     SeeInvis .   a - +4 eveningstar (holy)
rCold    . . .     Faith    .   p - +2 kite shield
rNeg     . . .     Spirit   .   K - +5 ring mail {rPois}
rPois    +         Reflect  .   x - +2 helmet
rElec    .         Harm     .   v - +2 cloak
rCorr    .         Rampage  .   o - +2 pair of gloves
Will     +....                  m - +2 pair of boots {Fly}
Stlth    +.........             W - amulet of regeneration
HPRegen  0.66/turn              l - ring of protection from fire
MPRegen  0.14/turn              (no ring)

@: paralysed, flying, lightly drained
A: small, mutation resistance 1
a: Stop Flying, Renounce Religion, Heroism, Finesse


You were on level 2 of the Orcish Mines.
You worshipped Okawaru.
Okawaru was exalted by your worship.
You visited 3 branches of the dungeon, and saw 19 of its levels.
You also visited: Sewer, Ossuary and Volcano.

You collected 2122 gold pieces.
You spent 860 gold pieces at shops.

Inventory:

Hand Weapons
 a - a +4 eveningstar of holy wrath (weapon)
 b - a +4 hunting sling of flaming
 H - the +2 flail of Floods {elec, Str+6}
   (Okawaru gifted it to you on level 6 of the Lair of Beasts)

   Occasionally, upon striking a foe, it can discharge electrical energy and
   cause terrible harm.
   It affects your strength (+6).
 V - a +3 whip of draining
Missiles
 g - 182 sling bullets
 j - 647 stones
 y - 51 poisoned darts (quivered)
 I - 2 throwing nets
 P - 11 atropa-tipped darts
 S - 4 silver boomerangs
 Z - 9 boomerangs
Armour
 m - a +2 pair of boots of flying (worn)
 o - a +2 pair of gloves (worn)
 p - a +2 kite shield (worn)
 v - a +2 cloak (worn)
 x - a +2 helmet (worn)
 K - a +5 ring mail of poison resistance (worn)
Jewellery
 l - a ring of protection from fire (left hand)
 z - an uncursed amulet of guardian spirit
 W - an amulet of regeneration (around neck)
Wands
 c - a wand of flame (67)
 d - a wand of enslavement (8)
 e - a wand of random effects (44)
 q - a wand of acid (17)
 u - a wand of polymorph (28)
 G - a wand of iceblast (15)
 J - a wand of digging (8)
 X - a wand of disintegration (4)
 Y - a wand of paralysis (5)
Scrolls
 i - 2 scrolls of torment
 k - 15 scrolls of teleportation
 r - 3 scrolls of magic mapping
 t - 3 scrolls of amnesia
 A - 7 scrolls of remove curse
 D - 3 scrolls of fear
 E - 5 scrolls of blinking
 L - 3 scrolls of fog
 T - a scroll of silence
Potions
 f - 3 potions of invisibility
 h - 4 potions of flight
 n - 6 potions of haste
 s - 4 potions of heal wounds
 w - 4 potions of magic
 B - 10 potions of curing
 C - 5 potions of might
 M - 3 potions of berserk rage
 N - 3 potions of attraction
 O - 2 potions of resistance
 Q - 5 potions of brilliance
 R - 4 potions of lignification
Miscellaneous
 F - a tin of tremorstones (2/2)


   Skills:
 - Level 10.1 Fighting
 + Level 13.3 Maces & Flails
 - Level 1.1(2.9) Slings
 - Level 2.9(3.0) Throwing
 + Level 3.0 Armour
 - Level 10.0 Dodging
 - Level 1.1 Stealth
 + Level 14.0 Shields
 - Level 1.0 Invocations
 * Level 5.0 Evocations


You had 11 spell levels left.
You knew the following spells:

 Your Spells              Type           Power        Failure   Level
a - Poisonous Vapours     Pois/Air       0%           91%         2

Your spell library contained the following spells:

 Spells                   Type           Power        Failure   Level
 Summon Small Mammal      Summ           0%           80%         1
 Blink                    Tloc           N/A          91%         2
 Call Imp                 Summ           0%           91%         2
 Corpse Rot               Necr/Air       N/A          91%         2
 Ensorcelled Hibernation  Hex/Ice        0%           91%         2
 Slow                     Hex            0%           91%         2
 Call Canine Familiar     Summ           0%           99%         3
 Confusing Touch          Hex            0%           99%         3
 Conjure Flame            Conj/Fire      0%           99%         3
 Gell's Gravitas          Tloc           0%           99%         3
 Mephitic Cloud           Conj/Pois/Air  0%           99%         3
 Summon Guardian Golem    Hex/Summ       0%           99%         3
 Petrify                  Tmut/Erth      0%           100%        4
 Summon Ice Beast         Ice/Summ       0%           100%        4
 Summon Lightning Spire   Summ/Air       0%           100%        4
 Metabolic Englaciation   Hex/Ice        0%           100%        5
 Yara's Violent Unravell  Hex/Tmut       0%           100%        5
 Freezing Cloud           Conj/Ice/Air   0%           100%        6


Dungeon Overview and Level Annotations

Branches:
Dungeon (11/15)            Temple (0/1) D:5            Lair (6/6) D:11
 Shoals (0/4) Lair:2       Spider (0/4) Lair:3        Slime (0/5) Lair:6
    Orc (2/2) D:11            Elf (0/3) Orc:2         Sewer (visited)
Ossuary (visited)         Volcano (visited)

Altars:
Ashenzari
Gozag
Hepliaklqana
Makhleb
Okawaru
Ru
Trog
Vehumet
Xom
Zin

Shops:
D:4 [   D:6 *

Portals:
Hell: Lair:6

Annotations:
Lair:3 3 runed translucent doors, Sadonosm's ghost, journeyman DgSk


Innate Abilities, Weirdness & Mutations

You are small and have problems with some larger weapons.
You are somewhat resistant to further mutation.


Message History

The orc sorcerer casts a spell.
The orc hits you but does no damage.
You closely miss the orc sorcerer. You block the orc's attack.
The orc warrior completely misses you. The orc sorcerer casts a spell at you.
You suddenly lose the ability to move!
The orc hits you but does no damage. x2
The ice devil hits you. The ice devil freezes you!
The orc sorcerer hits you but does no damage.
The orc warrior barely misses you. The orc hits you but does no damage.
The orc hits you with a +0 falchion.
The ice devil hits you but does no damage.
The orc warrior hits you but does no damage.
The orc hits you but does no damage. x2; The soul eater hits you!
You feel drained. The ice devil hits you! The ice devil freezes you!!
* * * LOW HITPOINT WARNING * * *
The orc sorcerer hits you but does no damage.
The orc warrior hits you but does no damage.
The orc hits you but does no damage. x2
The soul eater draws from the surrounding life force!
You die...

.....#. ....... ...#...
...#..#### .......##
#......# #..4o..###
#..o@o##.###
#..3oo.....##
....#..........#
.........$)..#.###
.#.........)##...##
..................#
.................##
#$.............#.#...##
#..............#......#


You could see a soul eater (summoned), an ice devil (summoned), an orc sorcerer,
an orc warrior and 3 orcs.

Vanquished Creatures
  A dire elephant (Lair:6)
  2 boulder beetles
  A catoblepas (Lair:5)
  5 hydras
  Erolcha (D:9)
  4 two-headed ogres
  A hell hog (Volcano)
  An orc high priest (Orc:2)
  A sun demon (Lair:6)
  A fire crab (Volcano)
  An unseen horror (D:11)
  A wizard (Lair:6)
  An obsidian statue (Volcano)
  A lindwurm (Lair:6)
  An orc knight (D:9)
  An oklob plant (Lair:6)
  A cyclops (Orc:2)
  An ugly thing (D:11)
  An elephant (Lair:6)
  11 cane toads
  2 black mambas
  A smoke demon (Lair:6)
  A torpor snail (Lair:5)
  An orange demon (Lair:6)
  A gargoyle (D:10)
  2 ice devils (Lair:6)
  7 rime drakes
  8 komodo dragons
  2 trolls (D:10)
  2 red devils (Lair:6)
  A polar bear (Lair:3)
  Prince Ribbit (Lair:1)
  19 blink frogs
  A dream sheep (Lair:5)
  2 slime creatures (Lair:6)
  34 yaks
  2 wraiths (D:10)
  3 wyverns
  6 basilisks
  5 fire bats (Volcano)
  A two-headed ogre zombie (D:11)
  2 acid dragons (D:10)
  8 water moccasins
  6 hell hounds
  2 ice beasts
  A sky beast (D:7)
  10 orc warriors
  4 black bears
  An eye of draining (D:9)
  10 ogres
  A necrophage (D:9)
  9 wolves
  3 phantoms
  8 centaurs
  20 bullfrogs
  A big kobold (D:11)
  2 troll zombies (D:11)
  23 scorpions
  7 wights (D:9)
  3 killer bees (D:11)
  2 howler monkeys
  5 electric eels (Lair:1)
  3 centaur zombies
  6 lava snakes (Volcano)
  A quasit (D:9)
  2 human zombies (Ossuary)
  5 hounds
  3 bullfrog skeletons
  11 orc priests
  4 jellies
  A centaur skeleton (D:5)
  Terence (D:3)
  8 worker ants
  14 orc wizards
  A big kobold zombie (Ossuary)
  5 ogre zombies (D:11)
  2 hound skeletons
  3 mummies (Ossuary)
  A worker ant zombie (D:9)
  Robin (D:1)
  4 gnolls (D:8)
  10 adders
  3 river rats (Sewer)
  2 scorpion zombies (Ossuary)
  4 shadow imps
  3 white imps
  4 ufetubi
  4 oozes
  An adder skeleton (D:4)
  3 worms
  A dart slug (D:2)
  7 leopard geckos
  48 orcs
  10 bats
  8 giant cockroaches
  4 gnoll zombies (Ossuary)
  18 goblins
  20 hobgoblins
  14 jackals
  2 quokkas
  5 ball pythons (Sewer)
  10 frilled lizards
  2 goblin skeletons (D:11)
  8 goblin zombies
  A hobgoblin skeleton (D:11)
  7 hobgoblin zombies
  A jackal skeleton (D:9)
  14 kobolds
  3 kobold zombies (Ossuary)
  2 orc skeletons (D:11)
  13 orc zombies
  14 rats
590 creatures vanquished.

Vanquished Creatures (collateral kills)
  2 dream sheep (Lair:5)
  An ice beast (D:10)
  A killer bee (D:11)
4 creatures vanquished.

Vanquished Creatures (others)
  A killer bee (D:11)
  A bullfrog (D:11)
  A wight (D:10)
  A worm (D:4)
  57 fungi
  64 plants
125 creatures vanquished.

Grand Total: 719 creatures vanquished

Notes
Turn   | Place    | Note
-------+----------+-------------------------------------------
     0 | D:1      | reptisaurus the Halfling Artificer began the quest for the
                  | Orb.
     0 | D:1      | Reached XP level 1. HP: 12/12 MP: 1/1
   355 | D:1      | Reached XP level 2. HP: 6/18 MP: 2/2
  1757 | D:1      | Reached XP level 3. HP: 22/22 MP: 3/3
  3221 | D:2      | Reached XP level 4. HP: 25/27 MP: 4/4
  3760 | D:2      | Reached skill level 1 in Shields
  4179 | D:2      | Noticed Robin
  4910 | D:1      | Killed Robin
  4911 | D:1      | Reached skill level 2 in Shields
  4911 | D:1      | Reached XP level 5. HP: 13/32 MP: 5/5
  5732 | D:2      | Found an iron altar of Okawaru.
  5741 | D:2      | Became a worshipper of Warmaster Okawaru
  5767 | D:2      | Reached skill level 5 in Evocations
  6335 | D:2      | Reached skill level 1 in Fighting
  6773 | D:2      | Found a faded altar of an unknown god.
  6930 | D:3      | Found a broken altar of Ashenzari.
  7916 | D:2      | Reached skill level 1 in Maces & Flails
  7916 | D:2      | Reached skill level 3 in Shields
  7916 | D:2      | Reached XP level 6. HP: 38/38 MP: 6/6
  8859 | D:3      | Noticed Terence
  8896 | D:3      | Killed Terence
  9571 | D:4      | Noticed an ogre
  9591 | D:4      | Killed an ogre
  9591 | D:4      | Reached * piety under Okawaru
  9592 | D:4      | Reached skill level 4 in Shields
  9592 | D:4      | Reached XP level 7. HP: 16/45 MP: 7/7
 10562 | D:4      | Reached skill level 5 in Shields
 10942 | D:4      | Found Byetiaq's Armour Boutique.
 11014 | D:4      | Found a radiant altar of Vehumet.
 11029 | D:4      | Noticed a water moccasin
 11036 | D:4      | Killed a water moccasin
 11037 | D:4      | Reached XP level 8. HP: 52/52 MP: 8/8
 11463 | D:5      | Entered Level 5 of the Dungeon
 11508 | D:5      | Found a glowing drain.
 11533 | Sewer    | Entered a sewer
 11739 | Sewer    | Reached skill level 6 in Shields
 12469 | D:5      | Found a staircase to the Ecumenical Temple.
 12525 | D:5      | Found a sacrificial altar of Ru.
 12525 | D:5      | Found a hazy altar of Hepliaklqana.
 12677 | D:5      | Reached ** piety under Okawaru
 12994 | D:5      | Found an iron altar of Okawaru.
 13273 | D:5      | Reached skill level 1 in Slings
 13567 | D:6      | Reached XP level 9. HP: 58/58 MP: 9/9
 13957 | D:6      | Reached skill level 7 in Shields
 14912 | D:6      | Reached skill level 5 in Maces & Flails
 14912 | D:6      | Reached skill level 1 in Throwing
 15582 | D:6      | Found Foacalih's Assorted Antiques.
 15586 | D:6      | Bought 2 scrolls of identify for 128 gold pieces
 15665 | D:7      | Reached skill level 1 in Invocations
 15919 | D:7      | Found a glowing silver altar of Zin.
 15920 | D:7      | Noticed an angel
 16105 | D:7      | Reached *** piety under Okawaru
 16324 | D:7      | Found an opulent altar of Gozag.
 16353 | D:7      | Reached skill level 5 in Fighting
 16959 | D:7      | Found a bloodstained altar of Trog.
 17037 | D:8      | Noticed a two-headed ogre
 17099 | D:8      | Found a sand-covered staircase.
 17125 | D:8      | Got an ominously black robe
 17136 | D:8      | Identified the +1 robe of Midnight {rElec} (You found it on
                  | level 8 of the Dungeon)
 17150 | Ossuary  | Entered an ossuary
 17796 | Ossuary  | Reached XP level 10. HP: 66/66 MP: 10/10
 18720 | D:8      | Reached **** piety under Okawaru
 19136 | D:8      | Killed a two-headed ogre
 20148 | D:9      | Noticed a two-headed ogre
 20169 | D:9      | Killed a two-headed ogre
 20169 | D:9      | Reached ***** piety under Okawaru
 20196 | D:9      | Upgraded the game from 0.26.0-3-g156281e41b to
                  | 0.26.0-7-g794d0892b4
 20389 | D:9      | Found a shimmering altar of Xom.
 20390 | D:9      | Found a shimmering altar of Xom.
 20390 | D:9      | Found a shimmering altar of Xom.
 20391 | D:9      | Found a shimmering altar of Xom.
 20391 | D:9      | Found a shimmering altar of Xom.
 20394 | D:9      | Found a shimmering altar of Xom.
 20394 | D:9      | Found a shimmering altar of Xom.
 20452 | D:8      | Reached XP level 11. HP: 52/77 MP: 11/11
 21204 | D:9      | Noticed Erolcha
 21263 | D:9      | Killed Erolcha
 21263 | D:9      | Received a gift from Okawaru
 21808 | D:9      | Reached skill level 10 in Fighting
 21986 | D:4      | Bought a +4 ring mail of poison resistance for 336 gold
                  | pieces
 22147 | D:9      | Learned a level 2 spell: Poisonous Vapours
 22241 | D:10     | Entered Level 10 of the Dungeon
 22615 | D:10     | Noticed a six-headed hydra
 22635 | D:10     | Killed a six-headed hydra
 22635 | D:10     | Received a gift from Okawaru
 23037 | D:10     | Noticed an orc knight
 23050 | D:10     | Noticed a six-headed hydra
 23820 | D:10     | Reached skill level 8 in Shields
 24072 | D:10     | Reached skill level 5 in Dodging
 24309 | D:10     | Noticed a two-headed ogre
 24330 | D:10     | Killed a two-headed ogre
 24491 | D:10     | HP: 1/81 [gargoyle/+0 flail (15)]
 24967 | D:10     | Noticed a boulder beetle
 25453 | D:10     | Reached skill level 9 in Shields
 25789 | D:10     | Identified a scroll of acquirement
 25790 | D:10     | Acquired a +0 eveningstar of holy wrath
 26131 | D:10     | Killed a boulder beetle
 26132 | D:10     | Reached XP level 12. HP: 74/87 MP: 9/12
 26822 | D:4      | Bought a +1 pair of boots of flying for 198 gold pieces
 27221 | D:10     | Reached skill level 10 in Shields
 27496 | D:11     | Killed an unseen horror
 27511 | D:11     | Found a staircase to the Orcish Mines.
 27710 | D:11     | Found a staircase to the Lair.
 27820 | D:11     | Noticed a two-headed ogre
 27834 | D:11     | Killed a two-headed ogre
 27834 | D:11     | Received a gift from Okawaru
 27834 | D:11     | Reached ****** piety under Okawaru
 27839 | D:11     | Got a brightly glowing robe {god gift}
 27856 | D:11     | Identified the +1 robe "Lytoon" {Str+4 Int+3} (Okawaru
                  | gifted it to you on level 11 of the Dungeon)
 28575 | D:4      | Bought a +2 helmet for 198 gold pieces
 28725 | Lair:1   | Entered Level 1 of the Lair of Beasts
 28982 | Lair:1   | Identified Udoqeach's Primer on Secret Knowledge
 30025 | Lair:1   | Reached skill level 11 in Shields
 30025 | Lair:1   | Noticed Prince Ribbit
 30058 | Lair:1   | Killed Prince Ribbit
 31204 | Lair:2   | Reached XP level 13. HP: 89/92 MP: 11/13
 31275 | Lair:2   | Reached skill level 10 in Maces & Flails
 32022 | Lair:2   | Found a staircase to the Shoals.
 32601 | Lair:3   | Found a hole to the Spider Nest.
 32954 | Lair:3   | Found a bloodstained altar of Trog.
 33278 | Lair:3   | Found a runed translucent gate.
 33278 | Lair:3   | Found a runed translucent gate.
 33278 | Lair:3   | Found a runed translucent gate.
 33284 | Lair:3   | Received a gift from Okawaru
 33354 | Lair:3   | Noticed Sadonosm's ghost (journeyman DgSk)
 33788 | Lair:4   | Reached skill level 12 in Shields
 33851 | Lair:4   | Noticed a six-headed hydra
 33908 | Lair:4   | Killed a six-headed hydra
 35819 | Lair:5   | Noticed a catoblepas
 35843 | Lair:5   | Killed a catoblepas
 37523 | Lair:6   | Entered Level 6 of the Lair of Beasts
 37523 | Lair:6   | Noticed a boulder beetle
 37695 | Lair:6   | Killed a boulder beetle
 37904 | Lair:6   | Found a staircase to the Slime Pits.
 37912 | Lair:6   | Reached XP level 14. HP: 99/99 MP: 14/14
 37990 | Lair:6   | Received a gift from Okawaru
 37995 | Lair:6   | Got a bone flail {god gift}
 37996 | Lair:6   | Identified the +2 flail of Floods {elec, Str+6} (Okawaru
                  | gifted it to you on level 6 of the Lair of Beasts)
 38415 | Lair:6   | Reached skill level 13 in Shields
 39166 | Lair:6   | Noticed a dire elephant
 39184 | Lair:6   | Killed a dire elephant
 39495 | Lair:6   | Paralysed by a wizard for 5 turns
 39503 | Lair:6   | Received a gift from Okawaru
 39588 | Lair:6   | Received a gift from Okawaru
 39942 | Lair:6   | Found a burning altar of Makhleb.
 40090 | Lair:6   | Found a gateway to Hell.
 40589 | Orc:1    | Entered Level 1 of the Orcish Mines
 40693 | Orc:1    | Found a dark tunnel.
 40701 | Volcano  | Entered a volcano
 41135 | Volcano  | Found a burning altar of Makhleb.
 41464 | Orc:2    | Entered Level 2 of the Orcish Mines
 41464 | Orc:2    | Found a staircase to the Elven Halls.
 41478 | Orc:2    | Reached skill level 14 in Shields
 41714 | Orc:2    | Reached skill level 10 in Dodging
 41905 | Orc:2    | Paralysed by an orc sorcerer for 7 turns
 41909 | Orc:2    | Killed from afar by a soul eater

Illustrated notes

Levels and vault maps discovered:
D:1:      sevenhm_arrival_forest_fort_small_3, layout_basic
D:2:      layout_loops_ring, chequers_ecumenical_altar_grove,
          hangedman_decor_opposing, minmay_misc_feat_rugged,
          kennysheep_okawaru_gauntlet, uniq_robin
D:3:      layout_rooms, old_standard_altar, uniq_terence
D:4:      layout_basic, fiery_altar_vehumet, serial_shops, nicolae_shop_crystal
D:5:      layout_basic, general_overflow_altar, gammafunk_temple_overflow_pools,
          minmay_temple_entry_junction, portal_sewer_entry_f, minivault_19
D:6:      layout_basic, serial_shops, shop
D:7:      layout_basic, kennysheep_mini, lemuel_doored_altar, zin_angel
D:8:      layout_loops_ring, nicolae_ossuary_entry_monument
D:9:      layout_roguey, nicolae_xom_altar_mimics, minmay_starry_boxes,
          uniq_erolcha
D:10:     hangedman_cross_veins, layout_layer_cave, kennysheep_small_spiral,
          mrwooster_statue_mirror, minmay_chambers_of_fives
D:11:     layout_cave_pools, due_lair_maze_entry_diamond, zombieorc2_lemuel
Lair:1:   layout_cave_pods, nicolae_quartered_pool_little, disabler_island,
          grunt_megastairs_5, infiniplex_staircase_pool_2, serial_bayou_shore_b,
          uniq_prince_ribbit2
Lair:2:   layout_misc_corridors, elwin_shoals_entry_rocks,
          chequers_serial_rivers_large_a, lemuel_fruit_fields
Lair:3:   layout_roguey, dummy_spider_entry, basic_altar, gammafunk_ghost_icy,
          serial_bayou_shore_b
Lair:4:   layout_cave_shapes
Lair:5:   layout_cave_pods
Lair:6:   evil_forest, layout_concentric_octagons, minmay_slime_entry_pillars,
          minmay_lair_drake_nest
Orc:1:    layout_diamond_mine, lightli_volcano_entry_magma_tube
Orc:2:    st_orc_congregation, layout_caves

Skill      XL: |  1  2  3  4  5  6  7  8  9 10 11 12 13 14 |
---------------+-------------------------------------------+-----
Evocations     | 4 5 |  5.0
Shields        | 2 3 4 5 6 7 9 11 12 14 | 14.0
Fighting       | 1 2 3 4 5 8 10 | 10.1
Maces & Flails | 1 2 4 6 8 9 12 13 | 13.3
Armour         | 3 |  3.0
Slings         | 1 |  1.1
Throwing       | 2 |  2.9
Dodging        | 3 4 6 7 8 10 | 10.0
Invocations    | 1 |  1.0
Stealth        | |  1.1

Action                   |  1- 3 |  4- 6 |  7- 9 | 10-12 | 13-15 || total
-------------------------+-------+-------+-------+-------+-------++-------
Melee: Club              |   190 |   160 |       |       |       ||   350
       Whip              |       |   380 |    86 |   518 |       ||   984
       Flail             |       |       |   393 |   169 |   213 ||   775
       Eveningstar       |       |       |       |   308 |   664 ||   972
 Fire: Hunting sling     |       |     1 |       |     1 |    12 ||    14
Throw: Stone             |       |    20 |       |     1 |       ||    21
       Dart              |       |     5 |    40 |    31 |    21 ||    97
Invok: Heroism           |       |       |     1 |     6 |     4 ||    11
       Finesse           |       |       |       |       |     1 ||     1
Evoke: Wand              |     4 |    12 |     1 |    26 |     8 ||    51
  Use: Scroll            |     2 |    11 |     9 |    19 |     3 ||    44
       Potion            |       |     4 |       |     2 |     2 ||     8
 Stab: Sleeping          |     1 |       |     5 |       |       ||     6
       Paralysed         |       |     5 |       |       |       ||     5
Armor: Leather armour    |    34 |       |       |       |       ||    34
       Ring mail         |    45 |   182 |   180 |   345 |   260 ||  1012
Dodge: Dodged            |   151 |   222 |   196 |   600 |   563 ||  1732
Block: Kite shield       |    33 |   332 |   333 |   876 |   857 ||  2431
